 Dungeon Crawl Stone Soup version 0.28.0-49-g6dfe1f597d (webtiles) character file.

Game seed: 14231903593910134455

95 pkoi the Chiller (level 4, 0/35 HPs)
             Began as a Demigod Ice Elementalist on May 13, 2022.
             Slain by Sigmund
             ... wielding a +0 scythe
              (5 damage)
             ... on level 2 of the Dungeon.
             The game lasted 00:05:15 (2814 turns).

pkoi the Chiller (Demigod Ice Elementalist)         Turns: 2814, Time: 00:05:16

Health: 0/35       AC:  3    Str:  9    XL:     4   Next: 17%
Magic:  10/10      EV: 12    Int: 21    God:
Gold:   45         SH:  0    Dex: 14    Spells: 3/7 levels left

rFire   . . .      SeeInvis .   h - +2 dagger (venom)
rCold   . . .      Faith    .   (no shield)
rNeg    . . .      Spirit   .   a - +0 robe
rPois   .          Reflect  .   g - +0 helmet
rElec   .          Harm     .   (no cloak)
rCorr   .          Rampage  .   (no gloves)
Will    .....                   (no boots)
Stlth   ++........              (no amulet)
HPRegen 0.11/turn               (no ring)
MPRegen 0.12/turn               (no ring)

@: no status effects
A: high MP 1, forlorn, divine attributes
a: no special abilities


You were on level 2 of the Dungeon.
You visited 1 branch of the dungeon, and saw 2 of its levels.

You collected 45 gold pieces.

Inventory:

Hand Weapons
 b - a +0 club
 c - a +0 mace
 h - a +2 dagger of venom (weapon)
Missiles
 j - 4 javelins
Armour
 a - a +0 robe (worn)
 g - a +0 helmet (worn)
Scrolls
 d - 2 scrolls of identify {unknown}
 e - a scroll of enchant armour {unknown}
Potions
 f - a potion of heal wounds {unknown}
 i - a potion of curing {unknown}


   Skills:
 + Level 1.1 Fighting
 - Level 1.7 Dodging
 - Level 1.7 Stealth
 + Level 2.2 Spellcasting
 * Level 4.9 Ice Magic


You had 3 spell levels left.
You knew the following spells:

 Your Spells              Type           Power      Damage    Failure   Level
a - Freeze                Ice            92%        1d10      1%          1
b - Frozen Ramparts       Ice            46%        1d6       5%          3

Your spell library contained the following spells:

 Spells                   Type           Power      Damage    Failure   Level
 Ozocubu's Armour         Ice            23%        N/A       5%          3
 Hailstorm                Conj/Ice       12%        3d5       45%         4


Dungeon Overview and Level Annotations

Branches:
Dungeon (2/15)

Annotations:
D:2 Sigmund


Innate Abilities, Weirdness & Mutations

You have an increased reservoir of magic. (+10% MP)
You shall have no god before yourself.
Your divine heritage dramatically boosts your attributes as you level up.


Message History

Sigmund is nearby!
Sigmund is nearby!
A goblin comes into view. It is wielding a +0 club.
The goblin shouts!
You closely miss the goblin. Your punch misses the goblin.
The goblin closely misses you.
You barely miss the goblin. The goblin hits you but does no damage.
You hit the goblin.
The goblin is poisoned.
The goblin is severely wounded.
You kill the goblin!
Things that are here:
a +0 club; a goblin corpse Sigmund shouts!
Sigmund gestures at you while chanting. The magic dart hits you.
Sigmund is nearby!
Things that are here:
a +0 club; a goblin corpse You start resting.
Sigmund is nearby!
Sigmund zaps a wand.
The puff of flame hits you!
* * * LOW HITPOINT WARNING * * *
Things that are here:
a +0 club; a goblin corpse You hit Sigmund.
Sigmund is poisoned.
Sigmund is lightly wounded.
Sigmund gestures at you while chanting. The magic dart hits you.
* * * LOW HITPOINT WARNING * * *
You closely miss Sigmund.
Sigmund is lightly wounded.
Sigmund zaps a wand.
The puff of flame misses you.
You hit Sigmund.
Sigmund looks as sick as possible!
Sigmund is lightly wounded.
Sigmund casts a spell at you. The puff of flame hits you!
* * * LOW HITPOINT WARNING * * *
Unknown command.
Sigmund hits you from afar with a +0 scythe.
You die...

#...#....# #..##..
#..###########..####
#...............#
#.# #########.# #.#
#.........# #.#
#.######### #.# #.#
#@#####.# #.)@....#
#########


You could see Sigmund (extremely poisoned).

Vanquished Creatures
  Terence (D:2)
  Robin (D:2)
  An adder (D:2)
  A worm (D:2)
  A dart slug (D:2)
  An endoplasm (D:2)
  7 hobgoblins
  2 kobolds (D:2)
  A quokka (D:1)
  4 ball pythons
  2 bats
  3 frilled lizards
  14 goblins
  6 rats
45 creatures vanquished.

Notes
Turn   | Place    | Note
-------+----------+-------------------------------------------
     0 | D:1      | pkoi the Demigod Ice Elementalist began the quest for the
                  | Orb.
     0 | D:1      | Reached XP level 1. HP: 14/14 MP: 5/5
   631 | D:1      | Reached skill level 4 in Ice Magic
   858 | D:1      | Reached XP level 2. HP: 20/20 MP: 4/7
  1369 | D:2      | Noticed Terence
  1589 | D:2      | Noticed Robin
  1669 | D:2      | Killed Robin
  1670 | D:2      | Reached XP level 3. HP: 15/27 MP: 3/8
  2178 | D:2      | Killed Terence
  2179 | D:2      | Reached skill level 1 in Fighting
  2455 | D:2      | Reached XP level 4. HP: 33/35 MP: 9/9
  2628 | D:2      | Learned a level 3 spell: Frozen Ramparts
  2784 | D:2      | Noticed Sigmund
  2814 | D:2      | Slain by Sigmund

Illustrated notes

Levels and vault maps discovered:
D:1:      amcnicky_arrival_abandoned_market, layout_loops_ring, minivault_14,
          minmay_pentomino_z2
D:2:      layout_basic, corexii_item_surrounded_by_moat, uniq_terence,
          uniq_robin, uniq_sigmund

Skill      XL: |  1  2  3 |
---------------+----------+-----
Ice Magic      | 4 |  4.9
Spellcasting   | 2 |  2.2
Fighting       | 1 |  1.1
Dodging        | |  1.7
Stealth        | |  1.7

Action                   |  1- 3 |  4- 6 || total
-------------------------+-------+-------++-------
Melee: Mace              |     5 |       ||     5
       Dagger            |    10 |    28 ||    38
 Cast: Freeze            |    52 |     2 ||    54
Armor: Robe              |    10 |     4 ||    14
Dodge: Dodged            |    31 |    11 ||    42
